 Dungeon Crawl Stone Soup version 0.30-a0-339-g89bb51ec76 (webtiles) character file.

Game seed: 12478913457750262296

6494 twist the Nimble (level 11, -5/74 HPs)
             Began as a Gnoll Hexslinger on Oct 31, 2022.
             Was a Follower of Hepliaklqana.
             Engulfed by a cloud of flame (17 damage)
             ... on level 10 of the Dungeon.
             The game lasted 00:21:22 (9347 turns).

twist the Nimble (Gnoll Hexslinger)                 Turns: 9347, Time: 00:21:22

Health: -5/74      AC: 15    Str: 13    XL:     11   Next: 0%
Magic:  12/21      EV: 16    Int: 17    God:    Hepliaklqana [*.....]
Gold:   643        SH:  0    Dex: 15    Spells: 3/23 levels left

rFire   . . .      SeeInvis .    a - +6 shortbow (freeze)
rCold   . . .      Faith    .    (shield currently unavailable)
rNeg    . . .      Spirit   .    j - +1 leather armour of True Grit {Str+4 Dex+2}
rPois   .          Reflect  .    G - +2 hat
rElec   .          Harm     .    (no cloak)
rCorr   +          Rampage  .    n - +2 pair of gloves
Will    .....                    K - +0 pair of boots
Stlth   +++.......               (no amulet)
HPRegen 0.32/turn                u - +4 ring of protection
MPRegen 0.17/turn                r - ring of resist corrosion

@: freezing walls, studying Dodging
A: reduced essence, fangs 1, strong nose, distributed training
a: Renounce Religion, Recall Ancestor, Ancestor Identity


You were on level 10 of the Dungeon.
You worshipped Hepliaklqana.
Hepliaklqana was aware of your devotion.
You visited 2 branches of the dungeon, and saw 11 of its levels.
You also visited: Ossuary.

You collected 643 gold pieces.

Inventory:

Hand Weapons
 a - a +6 shortbow of freezing (weapon)
 b - the +4 short sword of the Rat {venom, Dex+2}
   (You found it on level 3 of the Dungeon)

   It poisons the flesh of those it strikes.
   Dex:       It affects your dexterity (+2).
 t - a +2 dagger of venom
 y - a +1 sling of freezing
 I - a +2 whip of freezing
Missiles
 x - 30 poisoned darts
 M - 2 throwing nets
 P - a curare-tipped dart
Armour
 e - a +0 buckler
 j - the +1 leather armour of True Grit (worn) {Str+4 Dex+2}
   (You found it on level 2 of the Dungeon)

   Str:       It affects your strength (+4).
   Dex:       It affects your dexterity (+2).
 n - a +2 pair of gloves (worn)
 G - a +2 hat (worn)
 K - a +0 pair of boots (worn)
Jewellery
 k - an amulet of guardian spirit
 r - a ring of resist corrosion (right hand)
 u - a +4 ring of protection (left hand)
 z - a ring of protection from cold
 N - a ring of protection from fire
Wands
 m - a wand of charming (6)
 s - a wand of flame (28)
 A - a wand of polymorph (9)
 D - a wand of quicksilver (7)
 F - a wand of digging (3)
Scrolls
 d - 2 scrolls of poison
 i - 9 scrolls of identify
 l - 6 scrolls of teleportation
 o - 3 scrolls of fear
 C - a scroll of brand weapon
 J - a scroll of amnesia
Potions
 c - 2 potions of degeneration {unknown}
 f - 3 potions of resistance
 g - 4 potions of ambrosia {unknown}
 h - 2 potions of curing
 p - 2 potions of heal wounds {unknown}
 q - 5 potions of mutation {unknown}
 v - 3 potions of lignification {unknown}
 w - 2 potions of haste {unknown}
 B - 5 potions of brilliance
 E - a potion of flight {unknown}
 O - a potion of attraction {unknown}


   Skills:
 + Level 6.6 Fighting
 + Level 6.0 Short Blades
 + Level 6.0 Long Blades
 + Level 6.0 Axes
 + Level 6.0 Maces & Flails
 + Level 6.0 Polearms
 + Level 6.0 Staves
 + Level 7.6 Ranged Weapons
 + Level 6.0 Throwing
 + Level 6.0 Armour
 + Level 9.5 Dodging
 + Level 6.0 Stealth
 + Level 6.0 Shields
 + Level 6.0 Unarmed Combat
 + Level 6.7 Spellcasting
 + Level 5.0 Conjurations
 + Level 7.5 Hexes
 + Level 5.0 Summonings
 + Level 5.0 Necromancy
 + Level 5.0 Translocations
 + Level 5.0 Transmutations
 + Level 5.0 Fire Magic
 + Level 5.0 Ice Magic
 + Level 5.0 Air Magic
 + Level 5.0 Earth Magic
 + Level 5.0 Poison Magic
 + Level 6.6 Invocations
 + Level 6.0 Evocations


You had 3 spell levels left.
You knew the following spells:

 Your Spells              Type           Power      Damage    Failure   Level
a - Slow                  Hex            100%       N/A       1%          1
b - Inner Flame           Hex/Fire       27%        N/A       3%          3
c - Portal Projectile     Hex/Tloc       54%        N/A       3%          3
d - Blink                 Tloc           44%        N/A       2%          2
e - Momentum Strike       Conj/Tloc      44%        3d9       2%          2
f - Frozen Ramparts       Ice            44%        1d7       5%          3
g - Summon Ice Beast      Ice/Summ       22%        N/A       19%         4
h - Call Imp              Summ           22%        N/A       2%          2

Your spell library contained the following spells:

 Spells                   Type           Power      Damage    Failure   Level
 Magic Dart               Conj           88%        1d7       1%          1
 Call Canine Familiar     Summ           22%        N/A       5%          3
 Lesser Beckoning         Tloc           44%        N/A       5%          3
 Mephitic Cloud           Conj/Pois/Air  22%        N/A       5%          3
 Cause Fear               Hex            15%        N/A       7%          4
 Anguish                  Hex/Necr       13%        N/A       11%         4
 Leda's Liquefaction      Hex/Erth       13%        N/A       11%         4
 Ice Form                 Ice/Tmut       22%        N/A       19%         4
 Enfeeble                 Hex            15%        N/A       99%         7


Dungeon Overview and Level Annotations

Branches:
Dungeon (10/15)            Temple (1/1) D:6         Ossuary (visited)
   Lair: D:8-11         Orc: D:9-12

Altars:
Ashenzari
Cheibriados
Dithmenos
Elyvilon
Fedhas
Hepliaklqana
Kikubaaqudgha
Makhleb
Nemelex Xobeh
Okawaru
Qazlal
Ru
Sif Muna
Trog
Uskayaw
Vehumet
Wu Jian
Xom
Yredelemnul
Zin
The Shining One

Annotations:
D:6 2 transporters, minbekrie's ghost, novice OpTm


Innate Abilities, Weirdness & Mutations

Your life essence is reduced to manifest your ancestor. (-10% HP)
You have very sharp teeth.
Your uncanny sense of smell can sniff out nearby items.
Your experience applies equally to all skills.


Message History

You shoot an arrow. The arrow barely misses the troll.
The orc wizard shouts!
An orc comes into view. It is wielding a +0 dagger.
Fire: a) +6 shortbow (freeze)
Press: ? - help, Q - select action, (/) - cycle Shift-Dir - straight line, f/p - troll
Aim: a troll (heavily wounded, inner flame, 71% to hit)
You shoot an arrow. The arrow hits the troll.
Flame seeps out of the troll.
The arrow freezes the troll.
Flame seeps out of the troll.
The troll is severely wounded.
An orc wizard comes into view. It is wielding a +0 dagger.
The troll is engulfed in blazing flames.
Flame seeps out of the troll.
The wall freezes the troll but does no damage.
You shoot an arrow. The arrow hits the troll!
The arrow freezes the troll.
The troll explodes!
The fiery explosion engulfs you!!
* * * LOW HITPOINT WARNING * * *
You are engulfed in blazing flames.
* * * LOW HITPOINT WARNING * * *
Your Conjurations skill increases to level 5!
Your Summonings skill increases to level 5!
Your Necromancy skill increases to level 5!
Your Translocations skill increases to level 5!
Your Transmutations skill increases to level 5!
Your Fire Magic skill increases to level 5!
Your Ice Magic skill increases to level 5!
Your Air Magic skill increases to level 5!
Your Earth Magic skill increases to level 5!
Your Poison Magic skill increases to level 5!
You have reached level 11!
Unknown command.
Casting: Inner Flame (dangerous; 3% risk of failure)
Confirm with . or Enter, or press ? or * to list all spells.
Aiming: Inner Flame (dangerous; 3% risk of failure)
Press: ? - help, Dir - move target, f - orc wizard
Aim: an orc wizard, wielding a +0 dagger and wearing a +0 robe (chance to affect: 82%)
The orc wizard is filled with an inner flame.
You are engulfed in blazing flames.
You die...

#.# # .. .#
###.###.# ∆
#....... #....#
#..<.####
####....#
####.### #..@###
###§.§##
###°.### ##.o[#
#######o######..
........o....o#
###...#o.o.##...
∆
.........#>...#
.......#.######


You could see an orc priest, 2 orc wizards and an orc.

Vanquished Creatures
  Pikel (D:8)
  Joseph (D:8)
  Maggie (D:7)
  Psyche (D:8)
  2 trolls
  A hornet (D:9)
  Sigmund (D:6)
  5 yaks (D:9)
  A steam dragon (D:6)
  Edmund (D:4)
  4 water moccasins
  An orc warrior (D:6)
  An ice beast (D:6)
  3 ogres
  3 centaurs
  An elf zombie (Ossuary)
  A gnoll sergeant (D:9)
  4 kobold brigands
  3 bullfrogs
  5 scorpions
  7 killer bees
  2 electric eels (D:8)
  3 howler monkeys
  2 hounds
  2 orc priests
  A gnoll bouda (D:7)
  5 iguanas
  A human zombie (Ossuary)
  5 orc wizards
  3 hound zombies (Ossuary)
  4 mummies (Ossuary)
  12 gnolls
  7 adders
  A shadow imp (D:7)
  A white imp (D:7)
  An ufetubus (D:5)
  2 adder zombies (Ossuary)
  A worm (D:2)
  2 dart slugs (D:3)
  13 orcs
  6 bats
  10 endoplasms
  A giant cockroach (D:1)
  13 goblins
  11 hobgoblins
  6 quokkas
  2 ball pythons
  3 frilled lizards
  2 goblin zombies (Ossuary)
  A hobgoblin zombie (Ossuary)
  21 kobolds
  A kobold zombie (Ossuary)
  10 rats
  A rat zombie (Ossuary)
  A spectral orc (D:7)
205 creatures vanquished.

Vanquished Creatures (collateral kills)
  A yak (D:9)
1 creature vanquished.

Vanquished Creatures (others)
  2 ancestors
  An adder (D:4)
  6 plants (D:6)
9 creatures vanquished.

Grand Total: 215 creatures vanquished

Notes
Turn   | Place    | Note
-------+----------+-------------------------------------------
     0 | D:1      | twist the Gnoll Hexslinger began the quest for the Orb.
     0 | D:1      | Reached XP level 1. HP: 17/17 MP: 4/4
   119 | D:1      | Reached XP level 2. HP: 23/23 MP: 5/5
   314 | D:1      | Reached XP level 3. HP: 26/28 MP: 7/7
   692 | D:1      | Reached skill level 1 in Invocations
  1213 | D:2      | Identified the +1 leather armour of True Grit {Str+4 Dex+2}
  1249 | D:2      | Reached skill level 1 in Short Blades
  1249 | D:2      | Reached skill level 1 in Long Blades
  1249 | D:2      | Reached skill level 1 in Axes
  1249 | D:2      | Reached skill level 1 in Maces & Flails
  1249 | D:2      | Reached skill level 1 in Polearms
  1249 | D:2      | Reached skill level 1 in Staves
  1249 | D:2      | Reached skill level 1 in Throwing
  1249 | D:2      | Reached skill level 1 in Armour
  1249 | D:2      | Reached skill level 1 in Stealth
  1249 | D:2      | Reached skill level 1 in Shields
  1249 | D:2      | Reached skill level 1 in Unarmed Combat
  1249 | D:2      | Reached skill level 1 in Evocations
  1359 | D:2      | Reached XP level 4. HP: 32/34 MP: 8/8
  1720 | D:3      | Identified the +4 short sword of the Rat {venom, Dex+2}
  1750 | D:3      | Identified the +4 dagger of the Stork {protect, rF+ rC-
                  | Int+3 Stlth+}
  1801 | D:3      | Learned a level 3 spell: Inner Flame
  1805 | D:3      | Learned a level 3 spell: Portal Projectile
  1858 | D:3      | Reached skill level 1 in Conjurations
  1858 | D:3      | Reached skill level 1 in Summonings
  1858 | D:3      | Reached skill level 1 in Necromancy
  1858 | D:3      | Reached skill level 1 in Translocations
  1858 | D:3      | Reached skill level 1 in Transmutations
  1858 | D:3      | Reached skill level 1 in Fire Magic
  1858 | D:3      | Reached skill level 1 in Ice Magic
  1858 | D:3      | Reached skill level 1 in Air Magic
  1858 | D:3      | Reached skill level 1 in Earth Magic
  1858 | D:3      | Reached skill level 1 in Poison Magic
  2240 | D:3      | Reached XP level 5. HP: 40/40 MP: 7/9
  2536 | D:4      | Noticed an ogre
  2587 | D:4      | Noticed Edmund
  2609 | D:4      | Killed Edmund
  2610 | D:4      | Reached XP level 6. HP: 35/47 MP: 9/11
  2679 | D:4      | Reached skill level 5 in Ranged Weapons
  2679 | D:4      | Reached skill level 5 in Dodging
  2985 | D:4      | Reached XP level 7. HP: 29/52 MP: 12/12
  3546 | D:5      | Entered Level 5 of the Dungeon
  3672 | D:5      | Reached XP level 8. HP: 24/60 MP: 14/14
  3857 | D:5      | Found a sand-covered staircase.
  3862 | Ossuary  | Entered an ossuary
  3890 | Ossuary  | Reached skill level 6 in Dodging
  4194 | D:5      | You fall into a shaft and drop 2 floors!
  4263 | D:6      | Noticed Sigmund
  4559 | D:5      | Found a blossoming altar of Fedhas.
  4563 | D:5      | Identified the +0 leather armour of Ijaegh {Harm Will-
                  | Int+2}
  4893 | D:6      | Killed Sigmund
  4931 | D:6      | Reached XP level 9. HP: 43/66 MP: 16/16
  5033 | D:6      | Found an iron altar of Okawaru.
  5148 | D:6      | Identified the +1 scale mail of the Gastropod {MP+9 SInv
                  | Stlth+}
  5175 | D:6      | Found a burning altar of Makhleb.
  5246 | D:6      | Found a transporter.
  5252 | D:6      | Found a transporter.
  5255 | D:6      | Noticed minbekrie's ghost (novice OpTm)
  5346 | D:6      | Reached skill level 7 in Dodging
  5375 | D:6      | Found a staircase to the Ecumenical Temple.
  5381 | D:6      | Reached skill level 5 in Spellcasting
  5675 | D:6      | Reached skill level 5 in Fighting
  5862 | D:7      | Found a hazy altar of Hepliaklqana.
  6173 | Temple   | Entered the Ecumenical Temple
  6343 | D:7      | Became a worshipper of Hepliaklqana the Forgotten
  6506 | D:7      | Found a sparkling altar of Nemelex Xobeh.
  6560 | D:7      | Noticed Maggie
  6583 | D:7      | Killed Maggie
  6584 | D:7      | Reached skill level 5 in Invocations
  7120 | D:8      | Noticed Pikel
  7192 | D:8      | Reached skill level 8 in Dodging
  7385 | D:8      | Killed Pikel
  7386 | D:8      | Reached skill level 5 in Short Blades
  7386 | D:8      | Reached skill level 5 in Long Blades
  7386 | D:8      | Reached skill level 5 in Axes
  7386 | D:8      | Reached skill level 5 in Maces & Flails
  7386 | D:8      | Reached skill level 5 in Polearms
  7386 | D:8      | Reached skill level 5 in Staves
  7386 | D:8      | Reached skill level 5 in Throwing
  7386 | D:8      | Reached skill level 5 in Armour
  7386 | D:8      | Reached skill level 5 in Stealth
  7386 | D:8      | Reached skill level 5 in Shields
  7386 | D:8      | Reached skill level 5 in Unarmed Combat
  7386 | D:8      | Reached skill level 5 in Evocations
  7386 | D:8      | Reached XP level 10. HP: 65/76 MP: 16/18
  7425 | D:8      | Noticed Joseph
  7434 | D:8      | Killed Joseph
  7606 | D:8      | Noticed Psyche
  7621 | D:8      | Killed Psyche
  7848 | D:8      | Learned a level 2 spell: Blink
  7851 | D:8      | Learned a level 2 spell: Momentum Strike
  7855 | D:8      | Learned a level 3 spell: Frozen Ramparts
  8188 | D:9      | Reached * piety under Hepliaklqana
  8634 | D:9      | Paralysed by a hornet for 1 turns
  8787 | D:9      | Reached skill level 9 in Dodging
  8924 | D:9      | Found a bloodstained altar of Trog.
  9302 | D:10     | Entered Level 10 of the Dungeon
  9308 | D:10     | Learned a level 4 spell: Summon Ice Beast
  9311 | D:10     | Learned a level 2 spell: Call Imp
  9330 | D:10     | Noticed a cyclops
  9347 | D:10     | Reached skill level 5 in Conjurations
  9347 | D:10     | Reached skill level 5 in Summonings
  9347 | D:10     | Reached skill level 5 in Necromancy
  9347 | D:10     | Reached skill level 5 in Translocations
  9347 | D:10     | Reached skill level 5 in Transmutations
  9347 | D:10     | Reached skill level 5 in Fire Magic
  9347 | D:10     | Reached skill level 5 in Ice Magic
  9347 | D:10     | Reached skill level 5 in Air Magic
  9347 | D:10     | Reached skill level 5 in Earth Magic
  9347 | D:10     | Reached skill level 5 in Poison Magic
  9347 | D:10     | Reached XP level 11. HP: 12/74 MP: 15/21
  9347 | D:10     | Engulfed by a cloud of flame

Illustrated notes

Levels and vault maps discovered:
D:1:      matt_arrival_spirals, layout_basic
D:2:      layout_basic
D:3:      layout_basic
D:4:      layout_rooms, minmay_manual_mares, uniq_edmund
D:5:      layout_rooms, kennysheep_little_box, enter_ossuary_2,
          minmay_quadrilaterals
D:6:      layout_gridville, kennysheep_okawaru_gauntlet, kennysheep_mini,
          minmay_temple_entry_statues_fountains, gammafunk_ghost_gnarly_gnolls,
          uniq_sigmund
D:7:      layout_gridville, mainiacjoe_overflow_alcove_2,
          nicolae_hepliaklqana_monster_ancestors, uniq_maggie
D:8:      layout_rooms, minivault_4, minmay_misc_feat_pillars, uniq_pikel,
          uniq_psyche, uniq_joseph
D:9:      layout_basic, trog_book
D:10:     layout_basic, mainiacjoe_overflow_surrounded_room,
          ebering_ghost_rock_garden
Temple:   regret_index_temple_waves

Skill      XL: |  1  2  3  4  5  6  7  8  9 10 |
---------------+-------------------------------+-----
Invocations    | 1 2 3 4 5 6 |  6.6
Short Blades   | 1 2 3 5 6 |  6.0
Long Blades    | 1 2 3 5 6 |  6.0
Axes           | 1 2 3 5 6 |  6.0
Maces & Flails | 1 2 3 5 6 |  6.0
Polearms       | 1 2 3 5 6 |  6.0
Staves         | 1 2 3 5 6 |  6.0
Throwing       | 1 2 3 5 6 |  6.0
Armour         | 1 2 3 5 6 |  6.0
Stealth        | 1 2 3 5 6 |  6.0
Shields        | 1 2 3 5 6 |  6.0
Unarmed Combat | 1 2 3 5 6 |  6.0
Evocations     | 1 2 3 5 6 |  6.0
Spellcasting   | 3 4 5 6 |  6.7
Conjurations   | 1 2 3 4 5 |  5.0
Summonings     | 1 2 3 4 5 |  5.0
Necromancy     | 1 2 3 4 5 |  5.0
Translocations | 1 2 3 4 5 |  5.0
Transmutations | 1 2 3 4 5 |  5.0
Fire Magic     | 1 2 3 4 5 |  5.0
Ice Magic      | 1 2 3 4 5 |  5.0
Air Magic      | 1 2 3 4 5 |  5.0
Earth Magic    | 1 2 3 4 5 |  5.0
Poison Magic   | 1 2 3 4 5 |  5.0
Fighting       | 3 4 5 6 |  6.6
Ranged Weapons | 5 6 7 |  7.6
Dodging        | 5 6 8 9 |  9.5
Hexes          | 6 7 |  7.5

Action                   |  1- 3 |  4- 6 |  7- 9 | 10-12 || total
-------------------------+-------+-------+-------+-------++-------
Melee: Dagger            |    65 |    57 |       |       ||   122
       Punch             |     1 |       |     1 |       ||     2
       Bite              |     3 |    11 |     9 |     5 ||    28
       Short sword       |       |    25 |    77 |    19 ||   121
 Fire: Sling             |    32 |    44 |     6 |       ||    82
       Shortbow          |       |       |   273 |   121 ||   394
 Cast: Slow              |       |    15 |    13 |     6 ||    34
       Portal Projectile |       |     2 |     2 |       ||     4
       Inner Flame       |       |     2 |       |     8 ||    10
       Frozen Ramparts   |       |       |       |     2 ||     2
Invok: Ancestor Identity |       |       |       |     1 ||     1
  Use: Potion            |       |     1 |     2 |       ||     3
       Scroll            |       |       |    16 |     3 ||    19
 Stab: Sleeping          |     4 |     4 |       |       ||     8
Armor: Robe              |     8 |       |       |       ||     8
       Leather armour    |     6 |    11 |    89 |    15 ||   121
Dodge: Dodged            |    37 |    69 |   236 |    46 ||   388
Block: Buckler           |     1 |    17 |     1 |       ||    19

Table legend: (Time is in decaauts)
 A = Elapsed time spent in this place.
 B = Non-inter-level travel time spent in this place.
 C = Inter-level travel time spent in this place.
 D = Time resting spent in this place.
 E = Time spent auto-exploring this place.
 F = Levels seen in this place.
 G = Mean time per level.
                   A        B        C        D        E       F      G
               +--------+--------+--------+--------+--------+-----+--------+
         Total |   9429 |   8760 |    669 |    248 |   6497 |  12 |  785.8 |
       Dungeon |   8956 |   8357 |    599 |    248 |   6337 |  10 |  895.6 |
        Temple |    142 |     72 |     70 |      0 |     57 |   1 |  142.0 |
       Ossuary |    329 |    329 |      0 |      0 |    103 |   1 |  329.0 |
               +--------+--------+--------+--------+--------+-----+--------+

Top non-repeatable levels by time:
     D:6: 1446 daAuts
     D:9: 1163 daAuts
     D:1: 1020 daAuts
     D:8: 1018 daAuts
     D:7: 1015 daAuts
     D:3: 967 daAuts
     D:4: 925 daAuts
     D:5: 708 daAuts
     D:2: 645 daAuts
 Ossuary: 329 daAuts
  Temple: 142 daAuts
    D:10: 45 daAuts
